 Dungeon Crawl Stone Soup version 0.21-a0-221-gfe971b9 (webtiles) character file.

160293 Manul the Black Belt (level 17, -29/120 HPs)
             Began as a Demonspawn Monk on Aug 22, 2017.
             Was an Initiate of Gozag.
             Annihilated by a titanic slime creature (86 damage)
             ... on level 3 of the Swamp on Aug 24, 2017.
             The game lasted 00:54:05 (40386 turns).

Manul the Black Belt (Demonspawn Monk)             Turns: 40386, Time: 00:54:05

Health: -29/120    AC: 48    Str: 17    XL:     17   Next: 17%
Magic:  17/17      EV:  7    Int: 16    God:    Gozag
Gold:   6076       SH:  9    Dex: 19    Spells: 16/16 levels left

rFire    + . .     SeeInvis .     - Unarmed
rCold    . . .     Gourm    .   O - +3 buckler
rNeg     + . .     Faith    .   K - +14 crystal plate armour of Distant Worlds {+Fly rElec rPois Int+5}
rPois    +         Spirit   .   (helmet restricted)
rElec    +         Reflect  .   W - +2 cloak
rCorr    .         Harm     .   X - +0 pair of gloves
MR       ++++.     Clarity  +   t - +0 pair of boots
Stlth    ..........             S - amulet of the Four Winds {rN+ MR+++ Clar}
HPRegen  0.30/turn              o - +3 ring of strength
MPRegen  0.15/turn              J - +4 ring of protection

@: very slow
A: horns 2, slimy green scales 1, blink, dopey 1, fire resistance 1, foul stench
2, spiny 2, no potion heal 1, rot immunity, subdued magic 1
a: Blink, Potion Petition, Call Merchant, Bribe Branch, Renounce Religion, Evoke
Flight


You were on level 3 of the Swamp.
You worshipped Gozag.
Gozag was greatly pleased with you.
You were not hungry.

You visited 4 branches of the dungeon, and saw 26 of its levels.
You also visited: Ice Cave.

You collected 11043 gold pieces.
You spent 2740 gold pieces at shops.
You paid 2227 gold pieces to Gozag.

Inventory:

Missiles
 C - 13 javelins (quivered)
Armour
 j - the +3 hat of Pondering {ponderous, MR+ MP+10 Int+5}
   (You took it off Gastronok on level 2 of the Lair of Beasts)

   It affects your intelligence (+5).
   It affects your resistance to hostile enchantments.
   It affects your magic capacity (+10).
 t - a +0 pair of boots (worn)
 H - a +0 shield
 K - the +14 crystal plate armour of Distant Worlds (worn) {+Fly rElec rPois Int+5}
   (You acquired it on level 1 of the Swamp)

   It affects your intelligence (+5).
   It insulates you from electricity.
   It protects you from poison.
   It lets you fly.
 M - the +6 chain mail of Rietei {Dex+2}
   (You found it on level 10 of the Dungeon)

   It affects your dexterity (+2).
 O - a +3 buckler (worn)
 W - a +2 cloak (worn)
 X - a +0 pair of gloves (worn)
Jewellery
 a - a +3 amulet of reflection
 n - the ring of Maowneh {rN+ SInv}
   (You bought it in a shop on level 12 of the Dungeon)

   [ring of see invisible]

   It protects you from negative energy.
   It lets you see invisible.
 o - a +3 ring of strength (left hand)
 u - an uncursed amulet of regeneration {unknown}
 J - a +4 ring of protection (right hand)
 R - an uncursed ring of protection from cold {unknown}
 S - the amulet of the Four Winds (around neck) {rN+ MR+++ Clar}
   (You bought it in a shop on level 11 of the Dungeon)

   [amulet of nothing]

   It protects you from negative energy.
   It affects your resistance to hostile enchantments.
   It protects you against confusion.
Wands
 r - a wand of iceblast (3/15)
 s - a wand of polymorph (6/24)
 y - a wand of clouds (4/9)
 E - a wand of disintegration (9/24)
 F - a wand of scattershot (4/9)
 I - a wand of flame (29/48)
 L - a wand of digging (14/24)
 Q - a wand of clouds (5/9)
Scrolls
 b - a scroll of summoning
 c - 8 scrolls of recharging
 d - 14 scrolls of remove curse
 e - a scroll of magic mapping
 f - 8 scrolls of teleportation
 l - a scroll of fog
 p - 2 scrolls of amnesia
 v - 3 scrolls of fear
 N - 6 scrolls of identify
 P - a scroll of torment {unknown}
 T - 2 scrolls of blinking
 U - 7 scrolls of enchant armour
Potions
 i - 3 potions of haste
 k - 3 potions of heal wounds
 m - a potion of brilliance {unknown}
 q - 3 potions of agility
 w - 7 potions of flight
 z - 5 potions of might
 A - 3 potions of ambrosia
 B - a potion of cancellation {unknown}
 D - 8 potions of curing
 G - 2 potions of lignification
Miscellaneous
 V - a sack of spiders
Comestibles
 g - 9 meat rations
 h - 27 royal jellies
 x - 43 fruits
 Y - a bread ration


   Skills:
 + Level 7.3 Fighting
 + Level 0.6 Throwing
 + Level 12.8 Armour
 * Level 9.6 Dodging
 - Level 1.8 Stealth
 + Level 7.5 Shields
 + Level 20.8 Unarmed Combat
 + Level 1.1 Evocations


You had 16 spell levels left.
You didn't know any spells.

Dungeon Overview and Level Annotations

Branches:
Dungeon (15/15)            Temple (0/1) D:7            Lair (6/6) D:11
  Swamp (3/4) Lair:2       Spider (0/4) Lair:3        Slime (0/5) Lair:5
    Orc (2/2) D:11            Elf (0/3) Orc:2        Vaults (0/5) D:14
 Depths (0/5) D:15

Altars:
Cheibriados
Dithmenos
Elyvilon
Gozag
Nemelex Xobeh
Okawaru
Qazlal
Ru
Uskayaw
Vehumet
Wu Jian
Zin
The Shining One
Beogh

Shops:
D:4 *   D:6 %:%   D:8 %=(*   D:9 !   D:11 =[*   D:12 *   D:13 [   D:14 *!=
Orc:2 ?!([

Annotations:
Lair:3 exclusion: 2 oklob plants
Lair:5 exclusion: oklob plant
Swamp:2 exclusion: oklob plant


Innate Abilities, Weirdness & Mutations

You have a pair of horns on your head.
You are partially covered in slimy green scales. (AC +2)
Your flesh is heat resistant. (rF+)
You frequently emit foul miasma when damaged in melee.
You are mostly covered in sharp spines.
You are immune to rotting.
You can translocate small distances at will.
You are dopey. (Int -2)
Potions are less effective at restoring your health.
Your spells are a little easier to cast, but a little less powerful.


Message History

Ouch! That really hurt!
You hear a roar!
You are too injured to fight recklessly!
You are too injured to fight recklessly!
You are too injured to fight recklessly!
You are too injured to fight recklessly!
You are too injured to fight recklessly!
You are too injured to fight recklessly!
You are too injured to fight recklessly!
You are too injured to fight recklessly!
You are too injured to fight recklessly!
You are too injured to fight recklessly!
You are too injured to fight recklessly!
Unknown command.
You enter the shallow water.
Moving in this stuff is going to be slow.
The titanic slime creature hits you!!!!
Ouch! That really hurt!
You die...
Your body crumbles into a pile of gold.

≈≈≈≈♣♣..≈≈≈.♣...≈♣♣♣.♣♣♣≈≈
≈≈♣......≈.♣♣♣≈..♣ ♣≈.♣..≈
≈...≈≈..♣..♣♣..♣.♣ ♣≈.≈≈≈≈
≈.≈.≈≈.§≈.♣♣♣♣.≈.♣ ♣..♣≈.≈
≈.≈..≈≈...♣♣ ♣.≈.♣♣♣..≈...
≈.≈≈.≈≈.≈≈≈♣ ♣.♣.♣♣.≈≈§≈≈≈
≈.≈≈.≈≈.≈.♣♣ ♣.≈≈♣♣♣...≈≈.
.....≈≈.DJ♣ ♣.≈≈♣ ♣.≈≈≈.♣
♣♣♣♣♣§≈≈≈@♣ ♣...♣ ♣.≈≈≈.♣
♣.....♣♣♣♣.≈.♣♣♣.≈≈≈.♣
♣...≈....)≈≈.♣♣..≈≈♣..
♣♣..≈.≈≈.≈≈≈.≈..♣≈≈≈≈.
♣♣≈.≈.≈≈≈≈≈≈≈≈♣♣≈≈..≈)
♣.≈......≈≈≈..≈≈≈≈≈≈≈♣
♣♣.≈≈≈.♣♣♣♣♣.≈..≈..≈≈)
♣.♣≈≈.♣ ♣♣♣≈.≈.≈..≈
♣....♣♣ ♣.≈.≈..≈≈.


You could see a five-headed hydra and a titanic slime creature.

Vanquished Creatures
  Jorgrun (Swamp:2)
  Rupert (D:15)
  Donald (Swamp:2)
  Gastronok (Lair:2)
  4 thorn hunters (Swamp:2)
  An orc warlord (Orc:1)
  A stone giant (Orc:1)
  Nessos (D:13)
  Azrael (D:12)
  An ettin (Orc:1)
  Josephine (D:13)
  A rakshasa (D:13)
  16 hydras
  3 ghost crabs (Swamp:3)
  5 vault guards (D:14)
  A death knight (D:14)
  A catoblepas (Lair:6)
  Erica (Lair:1)
  5 centaur warriors
  2 ogre magi
  5 alligators
  12 two-headed ogres
  A deep troll shaman (Lair:6)
  8 orc high priests
  9 death yaks
  Urug (D:13)
  5 unseen horrors
  11 skeletal warriors
  4 cyclopes
  A spriggan druid (Swamp:1)
  A flayed ghost (D:15)
  A wizard (D:14)
  A deep elf archer (D:14)
  4 swamp dragons (Swamp:2)
  4 orc knights
  A phantasmal warrior (D:14)
  2 shambling mangroves
  2 deep elf magi
  A tengu skeleton (D:15)
  A necromancer (D:15)
  16 ugly things
  An oklob plant (Swamp:2)
  4 orc sorcerers
  A manticore (D:12)
  A fire giant skeleton (D:15)
  15 elephants (Lair:6)
  Joseph (D:8)
  2 black mambas
  A molten gargoyle (D:14)
  Maurice (D:12)
  A kobold demonologist (D:14)
  4 gargoyles
  12 spiny frogs
  2 torpor snails (Lair:6)
  A komodo dragon (D:14)
  A freezing wraith (D:14)
  3 rime drakes
  A tengu conjurer (D:13)
  2 polar bears (Lair:6)
  2 tyrant leeches (Swamp:2)
  10 hornets
  A queen bee (D:11)
  6 trolls
  8 hippogriffs
  7 bog bodies
  7 dream sheep
  A fire dragon zombie (D:15)
  22 blink frogs
  16 slime creatures
  7 spriggans
  8 wraiths
  7 fire elementals
  2 shadows
  4 wyverns
  3 basilisks
  38 yaks
  A hungry ghost (D:15)
  A human (D:14)
  A steam dragon (D:10)
  11 swamp worms
  20 vampire mosquitoes
  8 wargs
  2 hell hounds (D:11)
  6 porcupines
  9 water moccasins
  9 sky beasts
  9 swamp drakes
  4 phantoms
  12 ice beasts
  32 orc warriors
  A black bear (Lair:1)
  16 ogres
  2 eyes of draining
  5 wolves
  10 centaurs
  12 crocodiles
  6 big kobolds
  11 bullfrogs
  A gnoll sergeant (D:7)
  7 scorpions
  A water moccasin skeleton (D:11)
  34 killer bees
  A tengu zombie (D:15)
  A howler monkey (D:5)
  5 electric eels
  5 centaur zombies
  2 crimson imps
  2 quasits
  A lava snake (D:14)
  13 centaur skeletons
  A bullfrog zombie (D:5)
  8 hounds
  43 orc priests
  A bullfrog skeleton (D:11)
  5 jellies
  19 orc wizards
  A gnoll shaman (Orc:2)
  3 iguanas
  16 worker ants
  3 hound skeletons
  A howler monkey skeleton (D:11)
  14 gnolls
  6 adders
  6 river rats (D:4)
  4 shadow imps
  An adder skeleton (D:9)
  9 worms
  2 dart slugs
  4 leopard geckos
  129 orcs
  5 giant cockroaches
  6 goblins
  11 hobgoblins
  18 jackals
  6 quokkas
  2 ball pythons
  4 bats
  A frilled lizard (D:3)
  18 kobolds
  A leopard gecko skeleton (D:5)
  19 rats
  2 briar patches (Swamp:2)
  A fire vortex (D:14)
974 creatures vanquished.

Vanquished Creatures (collateral kills)
  9 elephants (Lair:6)
  A blink frog (Lair:6)
  2 yaks (Lair:6)
  A fungus (Lair:6)
13 creatures vanquished.

Vanquished Creatures (others)
  A two-headed ogre (D:11)
  An alligator (Swamp:3)
  A hornet (Swamp:3)
  2 yaks (D:12)
  A rat (D:3)
  3 briar patches (Swamp:2)
  27 fungi
  12 plants
48 creatures vanquished.

Grand Total: 1035 creatures vanquished

Notes
Turn   | Place    | Note
-------+----------+-------------------------------------------
     0 | D:1      | Manul the Demonspawn Monk began the quest for the Orb.
     0 | D:1      | Reached XP level 1. HP: 18/18 MP: 1/1
   399 | D:1      | Gained mutation: You are partially covered in slimy green scales. (AC +2) [demonic ancestry]
   399 | D:1      | Reached XP level 2. HP: 14/24 MP: 2/2
   804 | D:1      | Reached skill level 3 in Unarmed Combat
  1136 | D:2      | Found a radiant altar of Vehumet.
  1220 | D:2      | Gained mutation: You are immune to rotting. [demonic ancestry]
  1220 | D:2      | Reached XP level 3. HP: 22/29 MP: 3/3
  2480 | D:2      | Found a sparkling altar of Nemelex Xobeh.
  2735 | D:3      | Gained mutation: You have a pair of small horns on your head. [demonic ancestry]
  2735 | D:3      | Reached XP level 4. HP: 35/35 MP: 4/4
  2755 | D:3      | Found a white marble altar of Elyvilon.
  3780 | D:4      | Found Zin's Purification Station.
  3782 | D:4      | Found a glowing silver altar of Zin.
  3830 | D:4      | Reached skill level 1 in Armour
  3830 | D:4      | Reached skill level 4 in Unarmed Combat
  3866 | D:4      | Noticed a big kobold
  3891 | D:4      | Killed a big kobold
  3891 | D:4      | Reached XP level 5. HP: 36/41 MP: 5/5
  4149 | D:4      | Reached XP level 6. HP: 47/47 MP: 6/6
  4180 | D:4      | Found a glowing golden altar of the Shining One.
  4180 | D:4      | Found an opulent altar of Gozag.
  4180 | D:4      | Found a sacrificial altar of Ru.
  4234 | D:4      | Became a worshipper of Gozag Ym Sagoz the Greedy
  4604 | D:4      | Found an iron altar of Okawaru.
  4728 | D:4      | Found a snail-covered altar of Cheibriados.
  4873 | D:4      | Reached skill level 5 in Unarmed Combat
  4919 | D:5      | Entered Level 5 of the Dungeon
  5203 | D:5      | Found a hide-covered altar of Uskayaw.
  5847 | D:4      | Noticed a sky beast
  5860 | D:4      | Killed a sky beast
  5860 | D:4      | Reached XP level 7. HP: 36/52 MP: 7/7
  6408 | D:6      | Reached skill level 6 in Unarmed Combat
  6553 | D:6      | Gained mutation: You have a pair of horns on your head. [demonic ancestry]
  6553 | D:6      | Reached XP level 8. HP: 58/58 MP: 8/8
  6576 | D:6      | Found Agoyrutenni's Food Shop.
  6713 | D:6      | Found Joxky's Food Shoppe.
  6766 | D:6      | Found Vestriomm's Book Boutique.
  6832 | D:6      | Reached skill level 5 in Dodging
  7061 | D:7      | Reached skill level 7 in Unarmed Combat
  7080 | D:7      | Found a stormy altar of Qazlal.
  7760 | D:7      | Reached skill level 8 in Unarmed Combat
  7825 | D:7      | Found a staircase to the Ecumenical Temple.
  8413 | D:8      | Reached XP level 9. HP: 62/65 MP: 9/9
  8455 | D:8      | Reached skill level 5 in Armour
  8510 | D:8      | Noticed Joseph
  8884 | D:8      | Noticed a two-headed ogre
  8898 | D:8      | Killed a two-headed ogre
  8898 | D:8      | Reached skill level 9 in Unarmed Combat
  8940 | D:8      | Found Wenlat's Jewellery Emporium.
  9330 | D:8      | Found Vomoomi's Food Shop.
  9710 | D:8      | Found Ussioshro's Assorted Antiques.
  9718 | D:8      | Bought a twisted glass wand for 128 gold pieces
  9780 | D:8      | Reached skill level 10 in Unarmed Combat
  9869 | D:8      | Killed Joseph
  9978 | D:8      | Noticed a two-headed ogre
  9983 | D:8      | Gained mutation: You are partially covered in sharp spines. [demonic ancestry]
  9983 | D:8      | Reached XP level 10. HP: 64/71 MP: 10/10
  9989 | D:8      | Killed a two-headed ogre
 10165 | D:8      | Found Amixuwno's Weapon Shoppe.
 10732 | D:9      | Found an ornate altar of the Wu Jian Council.
 10964 | D:9      | Reached skill level 11 in Unarmed Combat
 11007 | D:9      | Noticed a three-headed hydra
 11021 | D:9      | Killed a three-headed hydra
 11249 | D:9      | Found a shadowy altar of Dithmenos.
 11361 | D:9      | Found Miuret's Distillery.
 11369 | D:9      | Bought a potion of mutation for 136 gold pieces
 11369 | D:9      | Bought a potion of heal wounds for 85 gold pieces
 11369 | D:9      | Bought a potion of curing for 51 gold pieces
 11369 | D:9      | Gained mutation: Your muscles are strong. (Str +2) [potion of mutation]
 11369 | D:9      | Gained mutation: Your spells are a little harder to cast, but a little more powerful. [potion of mutation]
 11369 | D:9      | Gained mutation: You have large cloven feet. [potion of mutation]
 11457 | D:10     | Entered Level 10 of the Dungeon
 11611 | D:8      | Bought a +4 ring of protection for 468 gold pieces
 11913 | D:10     | Got a bronze chain mail
 11924 | D:10     | Identified the +6 chain mail of Rietei {Dex+2} (You found it on level 10 of the Dungeon)
 12016 | D:10     | Reached skill level 12 in Unarmed Combat
 12016 | D:10     | Gained mutation: You may emit foul miasma when damaged in melee. [demonic ancestry]
 12016 | D:10     | Reached XP level 11. HP: 77/78 MP: 11/11
 12177 | D:10     | Noticed a two-headed ogre
 12185 | D:10     | Killed a two-headed ogre
 12283 | D:11     | Noticed a two-headed ogre
 12299 | D:11     | Killed a two-headed ogre
 12699 | D:11     | Found a staircase to the Lair.
 12757 | D:11     | Reached skill level 5 in Fighting
 12782 | D:11     | Found a staircase to the Orcish Mines.
 12791 | D:11     | Found Zitaom's Jewellery Shoppe.
 12791 | D:11     | Noticed a two-headed ogre
 12802 | D:11     | Killed a cyclops
 12802 | D:11     | Reached skill level 1 in Shields
 12822 | D:11     | Bought the amulet of the Four Winds {rN+ MR+++ Clar} for 614 gold pieces
 12822 | D:11     | Found the amulet of the Four Winds {rN+ MR+++ Clar}
 13273 | D:11     | Reached skill level 13 in Unarmed Combat
 13274 | D:11     | Noticed a centaur warrior
 13288 | D:11     | Killed a centaur warrior
 13288 | D:11     | Reached skill level 1 in Evocations
 13379 | D:11     | Killed an unseen horror
 13621 | D:11     | Killed an unseen horror
 13800 | D:12     | Noticed Azrael
 13991 | D:12     | Noticed a two-headed ogre
 14000 | D:12     | Killed a two-headed ogre
 14000 | D:12     | Reached XP level 12. HP: 59/86 MP: 12/12
 14071 | D:12     | Noticed a two-headed ogre
 14096 | D:12     | Killed a two-headed ogre
 14279 | D:11     | Upgraded the game from 0.21-a0-213-gae198ad to 0.21-a0-216-g6d3fd91
 14417 | Orc:1    | Entered Level 1 of the Orcish Mines
 14435 | Orc:1    | Noticed a stone giant
 14451 | Orc:1    | Killed a stone giant
 14691 | Orc:2    | Entered Level 2 of the Orcish Mines
 14744 | Orc:2    | Found a staircase to the Elven Halls.
 14796 | Orc:2    | Reached skill level 14 in Unarmed Combat
 14805 | Orc:2    | Noticed an orc high priest
 14808 | Orc:2    | Noticed an orc warlord
 15449 | Orc:1    | Killed an orc warlord
 15640 | Orc:2    | Killed an orc high priest
 15992 | Orc:2    | Noticed an orc high priest
 16263 | Orc:2    | Killed an orc high priest
 16372 | Orc:2    | Noticed an orc high priest
 16385 | Orc:2    | Killed an orc high priest
 16472 | Orc:2    | Found Vyloehau's Magic Scroll Boutique.
 16472 | Orc:2    | Found Bythraqoum's Distillery.
 16477 | Orc:2    | Bought a scroll of identify for 36 gold pieces
 16477 | Orc:2    | Bought a scroll of teleportation for 54 gold pieces
 16486 | Orc:2    | Bought a potion of heal wounds for 65 gold pieces
 16486 | Orc:2    | Bought a potion of heal wounds for 65 gold pieces
 16486 | Orc:2    | Bought a potion of heal wounds for 65 gold pieces
 16486 | Orc:2    | Bought a potion of curing for 39 gold pieces
 16486 | Orc:2    | Bought a potion of curing for 39 gold pieces
 16495 | Orc:2    | Found a roughly hewn altar of Beogh.
 16513 | Orc:2    | Noticed an orc high priest
 16527 | Orc:2    | Killed an orc high priest
 16541 | Orc:2    | Noticed an orc high priest
 16541 | Orc:2    | Noticed an orc high priest
 16793 | Orc:1    | Killed an orc high priest
 17532 | Orc:2    | Killed an orc high priest
 17605 | Orc:2    | Reached XP level 13. HP: 93/93 MP: 13/13
 17697 | Orc:2    | Found Seshufau's Antique Weapon Boutique.
 17697 | Orc:2    | Found Nougiub's Armour Emporium.
 18224 | Orc:2    | Reached skill level 5 in Shields
 18394 | Orc:1    | Reached skill level 15 in Unarmed Combat
 19428 | Orc:1    | Noticed an ettin
 19441 | Orc:1    | Killed an ettin
 19954 | Lair:1   | Entered Level 1 of the Lair of Beasts
 20004 | Lair:1   | Noticed Erica
 20013 | Lair:1   | Killed Erica
 21107 | Lair:2   | Noticed Gastronok
 21128 | Lair:2   | Killed Gastronok
 21141 | Lair:1   | Reached skill level 10 in Armour
 21473 | Lair:2   | Found a staircase to the Swamp.
 22992 | Lair:3   | Found a hole to the Spider Nest.
 24109 | Lair:4   | Reached skill level 16 in Unarmed Combat
 24761 | Lair:5   | Reached XP level 14. HP: 95/100 MP: 14/14
 25202 | Lair:5   | Found a staircase to the Slime Pits.
 25549 | Lair:6   | Entered Level 6 of the Lair of Beasts
 25835 | Lair:6   | Found a frozen archway.
 25845 | IceCv    | Entered an ice cave
 26598 | Lair:6   | Reached skill level 17 in Unarmed Combat
 28215 | Lair:1   | Gained mutation: You are mostly covered in sharp spines. [demonic ancestry]
 28215 | Lair:1   | Reached XP level 15. HP: 99/106 MP: 15/15
 28820 | D:11     | Reached skill level 18 in Unarmed Combat
 29771 | D:12     | Upgraded the game from 0.21-a0-216-g6d3fd91 to 0.21-a0-221-gfe971b9
 29784 | D:12     | Killed Azrael
 31126 | D:12     | Bought a twitching golden ring for 160 gold pieces
 31126 | D:12     | Bought a scroll of identify for 64 gold pieces
 31126 | D:12     | Identified the ring of Maowneh {rN+ SInv} (You bought it in a shop on level 12 of the Dungeon)
 31347 | D:13     | Noticed Josephine
 31370 | D:13     | Killed Josephine
 31879 | D:13     | Found Vuvu's Armour Shop.
 31903 | D:13     | Bought a +2 cloak for 198 gold pieces
 31903 | D:13     | Bought a +0 pair of gloves for 54 gold pieces
 31932 | D:13     | Noticed Maurice
 31934 | D:13     | Noticed Urug
 32001 | D:12     | Killed Maurice
 32035 | D:13     | Killed Urug
 32280 | D:13     | Found an opulent altar of Gozag.
 32349 | D:13     | Noticed Nessos
 32363 | D:13     | Killed Nessos
 32799 | D:15     | Entered Level 15 of the Dungeon
 32969 | D:15     | Reached skill level 19 in Unarmed Combat
 33104 | D:15     | Noticed Rupert
 33133 | D:15     | Killed Rupert
 33469 | D:14     | Found Waqaxor's Distillery.
 33476 | D:14     | Bought a potion of might for 56 gold pieces
 33476 | D:14     | Bought a potion of mutation for 112 gold pieces
 33476 | D:14     | Bought a potion of lignification for 42 gold pieces
 33476 | D:14     | Lost mutation: You have large cloven feet. [potion of mutation]
 33476 | D:14     | Lost mutation: Your muscles are strong. (Str +2) [potion of mutation]
 33476 | D:14     | Lost mutation: Your spells are a little harder to cast, but a little more powerful. [potion of mutation]
 33476 | D:14     | Gained mutation: You have supernaturally acute eyesight. (SInv) [potion of mutation]
 33476 | D:14     | Lost mutation: You have supernaturally acute eyesight. (SInv) [potion of mutation]
 33476 | D:14     | Gained mutation: You are frail. (-10% HP) [potion of mutation]
 33476 | D:14     | Gained mutation: You are resistant to hostile enchantments. (MR+) [potion of mutation]
 33477 | D:14     | Bought a potion of mutation for 112 gold pieces
 33477 | D:14     | Lost mutation: You are resistant to hostile enchantments. (MR+) [potion of mutation]
 33477 | D:14     | Lost mutation: You are frail. (-10% HP) [potion of mutation]
 33477 | D:14     | Gained mutation: You are agile. (Dex +2) [potion of mutation]
 33477 | D:14     | Gained mutation: Potions are less effective at restoring your health. [potion of mutation]
 33477 | D:14     | Gained mutation: You can translocate small distances at will. [potion of mutation]
 33519 | D:14     | Found Felom's Jewellery Boutique.
 33727 | D:14     | Found Pukawopp's General Store.
 33904 | D:14     | Bought a scroll of blinking for 97 gold pieces
 33924 | D:14     | Gained mutation: You frequently emit foul miasma when damaged in melee. [demonic ancestry]
 33924 | D:14     | Reached XP level 16. HP: 113/113 MP: 16/16
 34398 | D:14     | Found a gate to the Vaults.
 35018 | D:15     | Found a staircase to the Depths.
 35435 | D:15     | Reached skill level 20 in Unarmed Combat
 35992 | Swamp:1  | Entered Level 1 of the Swamp
 36318 | Swamp:1  | Identified a scroll of acquirement
 36319 | Swamp:1  | Got a transparent crystal plate armour
 36320 | Swamp:1  | Identified the +14 crystal plate armour of Distant Worlds {+Fly rElec rPois Int+5} (You acquired it on level 1 of the Swamp)
 36826 | Swamp:1  | Lost mutation: You can translocate small distances at will. [potion of mutation]
 36826 | Swamp:1  | Lost mutation: You are agile. (Dex +2) [potion of mutation]
 36826 | Swamp:1  | Gained mutation: You are dopey. (Int -2) [potion of mutation]
 36826 | Swamp:1  | Gained mutation: Your spells are a little easier to cast, but a little less powerful. [potion of mutation]
 36826 | Swamp:1  | Gained mutation: You can translocate small distances at will. [potion of mutation]
 37590 | Swamp:2  | Noticed Jorgrun
 37609 | Swamp:2  | Killed Jorgrun
 37953 | Swamp:2  | Noticed a thorn hunter
 37975 | Swamp:2  | Killed a thorn hunter
 38292 | Swamp:2  | Noticed a thorn hunter
 38315 | Swamp:2  | Killed a thorn hunter
 38532 | Swamp:2  | Noticed a thorn hunter
 38557 | Swamp:2  | Killed a thorn hunter
 38970 | Swamp:2  | Noticed Donald
 38985 | Swamp:2  | Noticed a thorn hunter
 38995 | Swamp:2  | Killed Donald
 39329 | Swamp:2  | Killed a thorn hunter
 39512 | Swamp:2  | Gained mutation: Your flesh is heat resistant. (rF+) [demonic ancestry]
 39512 | Swamp:2  | Reached XP level 17. HP: 120/120 MP: 17/17
 39599 | Swamp:2  | You fall through a shaft!
 40386 | Swamp:3  | Annihilated by a titanic slime creature

Vault maps used:
D:1:      matt_arrival_grand_opening, minmay_stone_trees_medium,
          minmay_misc_feat_encased
D:2:      lemuel_coloured_pillars_altar, fiery_altar_vehumet
D:3:      elyvilon_altar_4
D:4:      zin_purify, kennysheep_slug_shrine, okawaru_metal_pillars_1_2,
          gammafunk_temple_overflow_claw, first_bread, dk_rats_in_the_wall
D:5:      old_standard_altar
D:6:      serial_shops, kennysheep_little_box, nicolae_shop_waterfront,
          nicolae_shop_trees, amethyst_killhole
D:7:      lemuel_doored_altar, minmay_temple_entry_butterflies
D:8:      serial_shops, shop, kennysheep_mini, shop, nicolae_shop_crystal,
          uniq_joseph
D:9:      lemuel_crystal_altar, marbit_many_paths, serial_shops, shop,
          hangedman_ranch
D:11:     minmay_lair_entry_lava, orc_0_dummy, special_room, serial_shops,
          nicolae_shop_window_shopping, small_chamber_with_monster
D:12:     lab_entry_generic, grunt_ministairs_14, uniq_azrael
D:13:     serial_shops, nicolae_shop_behind_doors, basic_altar, uniq_josephine,
          uniq_nessos, uniq_maurice, uniq_urug
D:14:     erik_rubicon_a, grunt_vaults_entry_fortified, serial_shops, shop,
          shop, nicolae_shop_waterfront, hangedman_decor_points
D:15:     gammafunk_depths_entry_grave, grunt_decor_arrowhead,
          minmay_misc_feat_columns, uniq_rupert
Lair:1:   serial_bayou_pond_d, uniq_erica
Lair:2:   minmay_swamp_entry_eels, grunt_megastairs_5, uniq_gastronok
Lair:3:   nicolae_spider_entry_non_spiders, minmay_lair_oklob_chamber
Lair:4:   serial_bayou_lake_a
Lair:5:   minmay_slime_entry_oklob_enclosed
Lair:6:   grunt_lair_end_beastmaster, portal_ice_cave_entry_pillars_1,
          serial_bayou_pond_c
Swamp:1:  serial_swamp_ruin, evilmike_swamp_ruin_house_3,
          evilmike_swamp_ruin_house_2, hangedman_swamp_ruin_wall
Swamp:2:  nicolae_swamp_phyte_club, evilmike_swamp_ruin_rubble_1, swamp_pool5,
          st_swamp_mini, uniq_jorgrun, uniq_donald
Swamp:3:  evilmike_swamp_ruin_house_4
Orc:2:    st_orc_town
IceCv:    ice_cave_statue_garden_chambered

Skill      XL: |  1  2  3  4  5  6  7  8  9 10 11 12 13 14 15 16 |
---------------+-------------------------------------------------+-----
Dodging        | 3 4 5 6 7 8 9 |  9.6
Unarmed Combat | 3 4 5 6 8 10 12 13 14 16 17 19 20 | 20.8
Armour         | 1 3 4 5 6 7 9 10 11 12 | 12.8
Fighting       | 4 5 6 7 |  7.3
Shields        | 3 4 6 7 |  7.5
Evocations     | 1 |  1.1
Throwing       | |  0.6
Stealth        | |  1.8

Action                   |  1- 3 |  4- 6 |  7- 9 | 10-12 | 13-15 | 16-18 || total
-------------------------+-------+-------+-------+-------+-------+-------++-------
Melee: Unarmed           |   226 |   276 |   398 |   717 |  1574 |   740 ||  3931
       Punch             |     3 |     5 |    13 |     6 |       |       ||    27
       Headbutt          |       |    62 |    92 |   172 |   481 |   205 ||  1012
Throw: Javelin           |       |       |     6 |     2 |       |       ||     8
Invok: Potion Petition   |       |       |     1 |       |       |       ||     1
       Call Merchant     |       |       |       |       |     3 |       ||     3
Evoke: Wand              |       |     2 |       |     2 |     1 |       ||     5
       Sack of spiders   |       |       |       |       |     1 |     1 ||     2
  Use: Potion            |     2 |     1 |     5 |     3 |     6 |     3 ||    20
       Scroll            |       |     6 |     6 |     9 |    15 |     6 ||    42
 Stab: Sleeping          |     7 |       |       |     1 |       |       ||     8
       Distracted        |       |       |     1 |     7 |    19 |     4 ||    31
       Fleeing           |       |       |       |       |     1 |       ||     1
  Eat: Chunk             |     3 |     4 |       |       |       |       ||     7
       Bread ration      |     1 |     1 |     3 |     6 |     7 |     3 ||    21
       Meat ration       |       |       |       |       |     4 |     2 ||     6
Armor: Robe              |    26 |       |       |       |       |       ||    26
       Ring mail         |    24 |    90 |   100 |    35 |       |       ||   249
       Skin              |     3 |       |     1 |       |       |       ||     4
       Chain mail        |       |       |       |   226 |   523 |    77 ||   826
       Crystal plate arm |       |       |       |       |       |   396 ||   396
Dodge: Dodged            |   130 |   198 |   196 |   264 |   499 |   160 ||  1447
Block: Other             |       |       |    15 |    16 |       |       ||    31
       Reflection        |       |       |     1 |     2 |     2 |       ||     5
       Buckler           |       |       |       |   217 |   540 |   261 ||  1018

Table legend:
 A = Spawn XP
 B = Non-spawn XP
 C = Spawn XP percentage of total XP
 D = Spawn monster count
 E = Non-spawn monster count
 F = Spawn count percentage of total count
 G = Total turns spent on level
                    A         B        C        D         E        F      G
               +---------+---------+-------+---------+---------+-------+---------
         Total |   31694 |  197296 |  13.8 |     153 |     832 |  15.5 | 40386
               +---------+---------+-------+---------+---------+-------+---------
           D:1 |       2 |      33 |   5.7 |       1 |      21 |   4.5 |  1346
           D:2 |       6 |      54 |  10.0 |       3 |      23 |  11.5 |  1630
           D:3 |       1 |      61 |   1.6 |       1 |      20 |   4.8 |   920
           D:4 |     139 |     414 |  25.1 |       1 |      39 |   2.5 |  1393
           D:5 |      43 |     396 |   9.8 |       1 |      12 |   7.7 |  1150
           D:6 |      46 |     531 |   8.0 |       2 |       9 |  18.2 |   957
           D:7 |     184 |     830 |  18.1 |       8 |      26 |  23.5 |  1355
           D:8 |     141 |    3699 |   3.7 |       5 |      36 |  12.2 |  1882
           D:9 |     216 |    3153 |   6.4 |       6 |      18 |  25.0 |  1376
          D:10 |     124 |    2671 |   4.4 |       1 |      21 |   4.5 |   579
          D:11 |    1218 |    9874 |  11.0 |      13 |      74 |  14.9 |  2623
          D:12 |    1649 |   18655 |   8.1 |      14 |      56 |  20.0 |  2812
          D:13 |     110 |   10560 |   1.0 |       1 |      22 |   4.3 |   768
          D:14 |    4721 |   16901 |  21.8 |      15 |      40 |  27.3 |  2004
          D:15 |     736 |   21803 |   3.3 |       2 |      51 |   3.8 |  1376
        Lair:1 |    1319 |    2817 |  31.9 |       5 |      10 |  33.3 |  1482
        Lair:2 |       0 |    5672 |   0.0 |       0 |      14 |   0.0 |   965
        Lair:3 |     259 |    2597 |   9.1 |       1 |      22 |   4.3 |  1052
        Lair:4 |    1254 |    2424 |  34.1 |       4 |      14 |  22.2 |  1265
        Lair:5 |     210 |    4945 |   4.1 |       1 |      11 |   8.3 |  1017
        Lair:6 |    7446 |   25166 |  22.8 |      27 |      71 |  27.6 |  2206
       Swamp:1 |     872 |    7720 |  10.1 |       1 |      21 |   4.5 |  1332
       Swamp:2 |    4349 |   25342 |  14.6 |      10 |      37 |  21.3 |  2275
       Swamp:3 |    1344 |   11982 |  10.1 |       2 |      32 |   5.9 |   787
         Orc:1 |    4809 |    6860 |  41.2 |      23 |      31 |  42.6 |  3323
         Orc:2 |     496 |   10811 |   4.4 |       5 |      94 |   5.1 |  2162
         IceCv |       0 |    1325 |   0.0 |       0 |       7 |   0.0 |   349
               +---------+---------+-------+---------+---------+-------+---------
